 Dungeon Crawl Stone Soup version 0.31.0-11-ge490571c62 (webtiles) character file.

Game seed: 17558818370389397146

509 qw the Skirmisher (level 6, -1/35 HPs)
             Began as a Deep Elf Hunter on Feb 4, 2024.
             Was an Initiate of Okawaru.
             Slain by an ufetubus (3 damage)
             ... on level 5 of the Dungeon.
             The game lasted 00:00:20 (3492 turns).

qw the Skirmisher (Deep Elf Hunter)                 Turns: 3492, Time: 00:00:21

Health: -1/35      AC:  6    Str: 10    XL:     6   Next: 98%
Magic:  8/8        EV: 12    Int: 14    God:    Okawaru [......]
Gold:   187        SH:  0    Dex: 24    Spells: 5/5 levels left

rFire   . . .        a - +0 shortbow
rCold   . . .        (shield currently unavailable)
rNeg    . . .        f - +0 ring mail
rPois   .            (no helmet)
rElec   .            (no cloak)
rCorr   .            (no gloves)
SInv    .            i - +0 pair of boots
Will    +....        k - amulet of faith
Stlth   ++           b - ring of willpower
HPRegen 0.25/turn    g - +6 ring of dexterity
MPRegen 0.11/turn

%: faith
@: no status effects
A: no striking features
a: Renounce Religion


You were on level 5 of the Dungeon.
You worshipped Okawaru.
Okawaru was noncommittal.
You visited 2 branches of the dungeon, and saw 6 of its levels.

You collected 267 gold pieces.
You spent 80 gold pieces at shops.


   Skills:
 - Level 2.2 Fighting
 - Level 10.0 Ranged Weapons
 + Level 0.1 Armour
 - Level 4.0 Dodging
 - Level 1.2 Stealth


You had 5 spell levels left.
You didn't know any spells.
Your spell library was empty.

Inventory:

Hand Weapons
 a - a +0 shortbow (weapon)
Armour
 f - a +0 ring mail (worn)
 i - a +0 pair of boots (worn)
Jewellery
 b - a ring of willpower (left hand)
 g - a +6 ring of dexterity (right hand)
 k - an amulet of faith (around neck)
Wands
 j - a wand of flame (20)
Scrolls
 e - 2 scrolls of identify
Potions
 d - 3 potions of curing
 h - a potion of mutation
 l - a potion of resistance
 m - a potion of haste {unknown}

Dungeon Overview and Level Annotations

Branches:
Dungeon (5/15)             Temple (1/1) D:4

Altars:
Ashenzari
Cheibriados
Dithmenos
Elyvilon
Gozag
Kikubaaqudgha
Makhleb
Okawaru
Ru
Sif Muna
Trog
Uskayaw
Wu Jian
Xom
Yredelemnul
Zin

Shops:
D:3 (   D:4 *   D:5 :

Annotations:
D:4 1 runed translucent door


Message History

The iguana is almost dead.
You shoot an arrow.
The arrow hits the iguana but does no damage.
The iguana is almost dead.
The iguana barely misses you.
You shoot an arrow. The arrow hits the iguana!
You kill the iguana!
Okawaru accepts your kill.
The ogre hits you with a +0 giant club!!
Ouch! That really hurt!
Your Ranged Weapons skill increases to level 10!
3484 ||| READING scroll of teleportation.
As you read the scroll of teleportation, it crumbles to dust.
You feel strangely unstable.
You shoot an arrow. The arrow hits the ogre.
The ogre is lightly wounded.
The ogre closely misses you.
You shoot an arrow. The arrow closely misses the ogre.
Your surroundings suddenly seem different. 2 ufetubi come into view.
Found 12 gold pieces.
The ufetubus shouts! x2
You shoot an arrow. The arrow hits the ufetubus!
You kill the ufetubus!
Okawaru accepts your kill.
You shoot an arrow. The arrow barely misses the ufetubus.
The ufetubus hits you but does no damage.
The ufetubus barely misses you.
You shoot an arrow. The arrow misses the ufetubus.
The ufetubus closely misses you. The ufetubus hits you.
You shoot an arrow. The arrow closely misses the ufetubus.
The ufetubus closely misses you. The ufetubus hits you.
The ufetubus hits you but does no damage.
The ufetubus barely misses you.
You shoot an arrow. The arrow hits the ufetubus.
The ufetubus is severely wounded.
The ufetubus closely misses you. The ufetubus barely misses you.
You shoot an arrow. The arrow closely misses the ufetubus.
The ufetubus hits you.
You die...

..# #... ..#
... #..###..#
.......# .
#.....##..
.........
##........
#.@.......
#.......5.###..
#.######..#
...# #..$.
..... .##... .#
##.


You could see an ufetubus.

Vanquished Creatures
  A kobold brigand (D:5)
  A bullfrog (D:4)
  A scorpion (D:4)
  2 hounds (D:4)
  2 iguanas
  Ijyb (D:5)
  8 adders
  3 ufetubi (D:5)
  A ribbon worm (D:2)
  11 orcs
  8 ball pythons
  A bat (D:3)
  8 endoplasms
  3 giant cockroaches
  4 goblins
  7 hobgoblins
  2 jackals (D:3)
  2 quokkas
  5 frilled lizards
  A jackal skeleton (D:4)
  12 kobolds
  5 rats
89 creatures vanquished.

Notes
Turn   | Place    | Note
-------+----------+-------------------------------------------
     0 | D:1      | qw the Deep Elf Hunter began the quest for the Orb.
     0 | D:1      | Reached XP level 1. HP: 12/12 MP: 3/3
     0 | D:1      | 0 ||| qw: Version: 0.3-a-160-g6735b56
     0 | D:1      | 0 ||| qw: Game counter: 6007
     0 | D:1      | 0 ||| qw: Melee chars always use a shield: true
     0 | D:1      | 0 ||| qw: God list: Okawaru
     0 | D:1      | 0 ||| qw: Allow faded altars: false
     0 | D:1      | 0 ||| qw: Do Orc after clearing Dungeon:15 true
     0 | D:1      | 0 ||| qw: Do second Lair branch before Depths: true
     0 | D:1      | 0 ||| qw: Lair rune preference: random
     0 | D:1      | 0 ||| qw: Goals: Normal
     0 | D:1      | 0 ||| PLANNING D:1-11
   227 | D:1      | Reached XP level 2. HP: 16/16 MP: 4/4
   249 | D:1      | Reached skill level 6 in Ranged Weapons
   723 | D:1      | 723 ||| UPGRADING to +0 ring mail.
   733 | D:1      | 733 ||| DROPPING +0 leather armour.
   734 | D:1      | 734 ||| UPGRADING to amulet of faith.
   739 | D:1      | 739 ||| DROPPING ring of wizardry.
   740 | D:1      | 740 ||| READING 2 scrolls labelled EFUYFER NOMYO.
   740 | D:1      | 740 ||| IDENTIFYING bubbling red potion
   741 | D:1      | 741 ||| READING scroll of identify.
   741 | D:1      | 741 ||| IDENTIFYING 2 lumpy black potions
   742 | D:1      | 742 ||| READING scroll labelled MOBUSE WIAH.
   745 | D:1      | 745 ||| READING 2 scrolls labelled ESOUTS NOPNOSA.
   746 | D:1      | 746 ||| READING scroll labelled DUNICO HAEGHU.
   747 | D:1      | 747 ||| DROPPING scroll of butterflies.
   748 | D:1      | 748 ||| DROPPING scroll of immolation.
   816 | D:2      | Reached XP level 3. HP: 19/20 MP: 5/5
   983 | D:2      | Reached skill level 7 in Ranged Weapons
  1284 | D:2      | 1284 ||| UPGRADING to +0 pair of boots.
  1289 | D:2      | 1289 ||| UPGRADING to ring of willpower.
  1290 | D:2      | 1290 ||| UPGRADING to +6 ring of dexterity.
  1291 | D:2      | 1291 ||| READING scroll of identify.
  1291 | D:2      | 1291 ||| IDENTIFYING scroll labelled QAARIDGH ECZI
  1292 | D:2      | 1292 ||| READING scroll labelled YBONGUUHUI.
  1293 | D:2      | 1293 ||| DROPPING scroll of vulnerability.
  1295 | D:2      | 1295 ||| Stepping ~*~*~tactically~*~*~ (cloud).
  1296 | D:2      | 1296 ||| DRINKING 2 potions of curing.
  1296 | D:2      | 1296 ||| (to cure poison)
  1298 | D:2      | 1298 ||| Stepping ~*~*~tactically~*~*~ (cloud).
  1301 | D:2      | HP: 5/20 [poisoned by you (poison gas)]
  1305 | D:2      | HP: 2/20 [poisoned by you (poison gas)]
  1401 | D:3      | 1401 ||| STAIRDANCE
  1471 | D:3      | Reached XP level 4. HP: 25/25 MP: 6/6
  1486 | D:3      | Found Udemexki's Antique Weapon Shoppe.
  1925 | D:3      | Found a bloodstained altar of Trog.
  1956 | D:3      | Reached skill level 8 in Ranged Weapons
  1964 | D:3      | 1964 ||| READING scroll of identify.
  1964 | D:3      | 1964 ||| IDENTIFYING scroll labelled ZEUDEVVO SEFRAUB
  1965 | D:3      | 1965 ||| DROPPING scroll of blinking.
  1996 | D:4      | Noticed a bullfrog
  2003 | D:4      | Killed a bullfrog
  2004 | D:4      | Reached XP level 5. HP: 29/29 MP: 7/7
  2021 | D:4      | Found a staircase to the Ecumenical Temple.
  2022 | D:4      | 2022 ||| PLANNING TEMPLE
  2033 | Temple   | Entered the Ecumenical Temple
  2034 | Temple   | 2034 ||| PLANNING D:1-11
  2116 | D:4      | Reached skill level 9 in Ranged Weapons
  2116 | D:4      | Reached XP level 6. HP: 34/34 MP: 8/8
  2203 | D:4      | Found a runed translucent door.
  2203 | D:4      | Noticed a human
  2205 | D:4      | Found a basalt altar of Yredelemnul.
  2241 | D:4      | Found Demuapn's General Store.
  2251 | D:4      | 2251 ||| BUYING potion of mutation (80 gold).
  2251 | D:4      | Bought a potion of mutation for 80 gold pieces
  2251 | D:4      | 2251 ||| SHOPLISTING scroll of acquirement (520 gold, have
                  | 123).
  2251 | D:4      | 2251 ||| SHOPLISTING wand of acid (6) (252 gold, have 123).
  2450 | D:4      | Found an iron altar of Okawaru.
  2451 | D:4      | 2451 ||| PLANNING OKAWARU WORSHIP
  2454 | D:4      | Became a worshipper of Warmaster Okawaru
  2455 | D:4      | 2455 ||| PLANNING D:1-11
  2464 | D:4      | Found an opulent altar of Gozag.
  2854 | D:5      | Entered Level 5 of the Dungeon
  2860 | D:5      | Found Saasac's Book Emporium.
  2882 | D:5      | Noticed Ijyb
  2901 | D:5      | Killed Ijyb
  3259 | D:5      | Found a snail-covered altar of Cheibriados.
  3467 | D:5      | Found a shimmering altar of Xom.
  3483 | D:5      | HP: 4/35 [ogre/+0 giant club (31)]
  3484 | D:5      | Reached skill level 10 in Ranged Weapons
  3484 | D:5      | 3484 ||| READING scroll of teleportation.
  3489 | D:5      | HP: 5/35 [ufetubus (1)]
  3490 | D:5      | HP: 1/35 [ufetubus (4)]
  3492 | D:5      | Slain by an ufetubus

Levels and vault maps discovered:
D:1:      matt_arrival_diagonals, layout_loops_ring
D:2:      layout_loops_ring
D:3:      layout_basic, nicolae_overflow_crystal_walls, serial_shops,
          nicolae_shop_hallway_plus, nrook_mini_vaults
D:4:      layout_gridville, dk_yredelemnul_ordeal,
          amethyst_overflow_temple_binary, minmay_temple_entry_offerings,
          serial_shops, nicolae_shop_hallway_plus, kennysheep_generic_room_7,
          uniq_crazy_yiuf_cottage
D:5:      layout_layer_cave, kennysheep_little_box, chei_slow_surprise,
          serial_shops, shop, uniq_ijyb
Temple:   hellmonk_temple_micro_hex

Skill      XL: |  1  2  3  4  5  6 |
---------------+-------------------+-----
Ranged Weapons | 6 7 8 9 10 | 10.0
Dodging        | 4 |  4.0
Fighting       | 2 |  2.2
Armour         | |  0.1
Stealth        | |  1.2

Action                     |  1- 3 |  4- 6 || total
---------------------------+-------+-------++-------
   Fire: Shortbow          |   117 |   154 ||   271
    Use: Scroll            |     7 |     2 ||     9
         Potion            |     1 |       ||     1
 Armour: Ring mail         |    21 |    55 ||    76
  Dodge: Dodged            |    21 |    62 ||    83

Table legend:
 A = Non-vault XP
 B = Vault XP
 C = Vault XP percentage of total XP
 D = Non-vault monster count
 E = Vault monster count
 F = Vault count percentage of total count
                 A         B        C        D         E       F
            +---------+---------+-------+---------+---------+-------
      Total |     642 |      86 |  11.8 |      85 |       4 |   4.5
            +---------+---------+-------+---------+---------+-------
        D:1 |      33 |       0 |   0.0 |      23 |       0 |   0.0
        D:2 |      52 |       0 |   0.0 |      15 |       0 |   0.0
        D:3 |      75 |       0 |   0.0 |      20 |       0 |   0.0
        D:4 |     322 |      50 |  13.4 |      17 |       3 |  15.0
        D:5 |     160 |      36 |  18.4 |      10 |       1 |   9.1
            +---------+---------+-------+---------+---------+-------
